 Dungeon Crawl Stone Soup version 0.30-a0-1122-g620db56ad9 (webtiles) character file.

Game seed: 711180761678043264

49 Bnni the Trooper (level 3, 0/20 HPs)
             Began as a Vine Stalker Fighter on Apr 22, 2023.
             Slain by a gnoll
             ... wielding a +0 halberd
              (11 damage)
             ... on level 1 of the Dungeon.
             The game lasted 00:02:19 (1415 turns).

Bnni the Trooper (Vine Stalker Fighter)             Turns: 1415, Time: 00:02:20

Health: 0/20       AC:  6    Str: 18    XL:     3   Next: 77%
Magic:  0/4        EV:  9    Int:  8    God:
Gold:   166        SH:  5    Dex: 15    Spells: 2/2 levels left

rFire   . . .        g - +0 dagger
rCold   . . .        c - +0 buckler
rNeg    . . .        b - +0 scale mail
rPois   .            (no helmet)
rElec   .            (no cloak)
rCorr   .            (no gloves)
SInv    .            (no boots)
Will    .....        (no amulet) Stlth
                     (no ring)
HPRegen 0.23/turn    (no ring)
MPRegen 0.09/turn

%: guardian spirit
@: no status effects
A: fangs 2, magic shield, antimagic bite, no potion heal 2
a: no special abilities


You were on level 1 of the Dungeon.
You visited 1 branch of the dungeon, and saw 2 of its levels.

You collected 166 gold pieces.

Inventory:

Hand Weapons
 a - a +0 rapier
 g - a +0 dagger (weapon)
Armour
 b - a +0 scale mail (worn)
 c - a +0 buckler (worn)
Scrolls
 e - 4 scrolls of identify {unknown}
 f - a scroll of teleportation {unknown}
 i - a scroll of poison {unknown}
 l - a scroll of amnesia {unknown}
 m - 3 scrolls of magic mapping {unknown}
 p - a scroll of blinking {unknown}
Potions
 d - 2 potions of might
 h - a potion of degeneration {unknown}
 j - a potion of heal wounds {unknown}
 k - a potion of berserk rage {unknown}
 n - a potion of cancellation {unknown}
 o - 2 potions of invisibility {unknown}
 q - a potion of curing {unknown}


   Skills:
 + Level 3.2 Fighting
 * Level 3.1 Short Blades
 - Level 2.4 Armour
 - Level 2.6 Shields


You had 2 spell levels left.
You didn't know any spells.
Your spell library contained the following spells:

 Spells                   Type           Power      Damage    Failure   Level
 Freeze                   Ice            0%         1d3       88%         1
 Static Discharge         Conj/Air       0%         2-2/arc   95%         2
 Frozen Ramparts          Ice            0%         1d1       99%         3
 Hailstorm                Conj/Ice       0%         3d3       99%         3
 Ozocubu's Armour         Ice            0%         N/A       99%         3
 Airstrike                Air            0%         2d(0-16)  100%        4
 Summon Lightning Spire   Summ/Air       0%         N/A       100%        4
 Ozocubu's Refrigeration  Ice            0%         4d7       100%        7


Dungeon Overview and Level Annotations

Branches:
Dungeon (2/15)

Altars:
Sif Muna


Innate Abilities, Weirdness & Mutations

You have extremely sharp teeth.
When hurt, damage is shared between your health and your magic reserves.
Your bite disrupts and absorbs the magic of your enemies.
Potions cannot restore your health.


Message History

You block the gnoll's attack. The gnoll hits you but does no damage.
You barely miss the gnoll. The gnoll hits you with a +0 halberd!
The gnoll barely misses you.
You hit the gnoll. You bite the gnoll. You drain its power.
You feel invigorated.
The gnoll is moderately wounded.
You block the gnoll's attack. The gnoll barely misses you.
You hit the gnoll. Your bite misses the gnoll.
The gnoll is moderately wounded.
The gnoll hits you with a +0 halberd!
* * * LOW HITPOINT WARNING * * *
The gnoll misses you. The gnoll closely misses you.
There is a stone staircase leading up here.
You block the gnoll's attack.
You climb upwards.
There is a stone staircase leading down here.
You start resting.
Magic restored.
You start resting.
HP restored.
You climb downwards.
The gnoll hits you with a +0 halberd. The goblin misses you.
There is a stone staircase leading up here.
The gnoll barely misses you. The goblin hits you with a +0 club.
You climb upwards.
There is a stone staircase leading down here.
You hit the gnoll but do no damage. You bite the gnoll. You drain its power.
You feel invigorated.
The gnoll is moderately wounded.
You block the gnoll's attack. The goblin barely misses you.
You hit the gnoll. You bite the gnoll, but do no damage.
The gnoll is heavily wounded.
The gnoll hits you with a +0 halberd. You block the goblin's attack.
You hit the gnoll but do no damage. You bite the gnoll. You drain its power.
You feel invigorated.
The gnoll is severely wounded.
The gnoll hits you with a +0 halberd!
Ouch! That really hurt!
You die...

...###............##.#
######............##.#
#.................##.#
#.............######.#
#...............# #.###########
#...............## #.....##....#
#...........##...# #####.##.##.#
#...........##.#g# #.##.##.#
#...........##..@# #....##.#
#...........####g#############.#
#.......................##..)..#
........................##.######
.................................
.........#.#...........####.####.
..#####....#....(...)..#.#...#.#.
..#...#..###...........##.....##.
..#...#..# #...........#.......#.


You could see a gnoll and a goblin.

Vanquished Creatures
  A gnoll (D:2)
  3 endoplasms
  A giant cockroach (D:2)
  2 goblins (D:1)
  2 hobgoblins (D:2)
  3 jackals (D:2)
  7 kobolds
  2 quokkas (D:1)
  9 ball pythons
  2 bats (D:1)
  A frilled lizard (D:1)
  4 rats
37 creatures vanquished.

Notes
Turn   | Place    | Note
-------+----------+-------------------------------------------
     0 | D:1      | Bnni the Vine Stalker Fighter began the quest for the Orb.
     0 | D:1      | Reached XP level 1. HP: 11/11 MP: 2/2
   203 | D:1      | Reached XP level 2. HP: 13/16 MP: 3/3
   821 | D:2      | Reached XP level 3. HP: 14/20 MP: 4/4
   947 | D:2      | Found a shimmering blue altar of Sif Muna.
  1326 | D:2      | HP: 1/20 [gnoll/+0 halberd (9)]
  1415 | D:1      | Slain by a gnoll

Illustrated notes

Levels and vault maps discovered:
D:1:      nzn_arrival_settlement, layout_basic, serial_aquarium,
          aquarium_bridge_square [aquarium_subvault_bridge,
          aquarium_subvault_wall, aquarium_subvault_wall,
          aquarium_subvault_bridge], aquarium_window_1, aquarium_window_corner,
          aquarium_window_1, aquarium_view_2c, aquarium_balcony_3a,
          aquarium_pool_2, minmay_nonomino_d4
D:2:      layout_loops_ring, basic_altar, lemuel_flame_loot_1

Skill      XL: |  1  2  3 |
---------------+----------+-----
Short Blades   | 2 3 |  3.1
Fighting       | 3 |  3.2
Armour         | |  2.4
Shields        | |  2.6

Action                     || total
---------------------------++-------
  Melee: Rapier            ||    19
         Dagger            ||   113
         Bite              ||    39
 Armour: Scale mail        ||    44
  Dodge: Dodged            ||    60
  Block: Buckler           ||    31

Table legend: (Time is in decaauts)
 A = Elapsed time spent in this place.
 B = Non-inter-level travel time spent in this place.
 C = Inter-level travel time spent in this place.
 D = Time resting spent in this place.
 E = Time spent auto-exploring this place.
 F = Levels seen in this place.
 G = Mean time per level.
                   A        B        C        D        E       F      G
               +--------+--------+--------+--------+--------+-----+--------+
         Total |   1408 |   1390 |     18 |     68 |   1011 |   2 |  704.0 |
       Dungeon |   1408 |   1390 |     18 |     68 |   1011 |   2 |  704.0 |
               +--------+--------+--------+--------+--------+-----+--------+

Top non-repeatable levels by time:
     D:1: 882 daAuts
     D:2: 526 daAuts
